Unix xNetHack Version 8.0.0 - last build Jun 13 2023 01:05:28 (4b7ecc64c373f7294607d497be3f7ce1783331ac). Game began 2023-09-28 12:42:41, ended 2023-10-03 14:45:34. breadmaster, lawful female human Samurai -------- --------- |......| #........| #######.......| ---------- #|......^.######## |......| |........| #|.......| ` `#-.......# |........-##########--.-.---- -|--.---## |...<....| #######``############ # ## ## |........| # # # #####`#### |........| # ################` ---------- ### # # -.-+-- --------.-- ## ##|....| |.........| ## #|..h.| |...-|-...| ----.------ #|....| |...|.|...| #-.........| #-....| |...---...-####@#|.....{...| |..>.| |.........| |.........| ------ ----------- |.........| ---|------- # Breadmaster the Kunoichi St:10 Dx:18 Co:18 In:10 Wi:8 Ch:6 Lawful S:4193 Dlvl:4 $:949 HP:0(68) Pw:27(27) AC:10 Xp:7/736 T:3664 Latest messages: You gash the rabid rat. The rabid rat bites! You lacerate the rabid rat. You kill the rabid rat! Really step onto that trap door? [yn] (n) n You gash the lichen. You kill the lichen! You see here a lichen corpse. There is a lichen corpse here; eat it? [ynq] (n) y This lichen corpse tastes okay. You finish eating the lichen corpse. You try to move the boulder, but in vain. You hear bubbling water. You see here a stone statue of a dwarf. You kill the acid blob! You are splashed by the acid blob's acid! The door opens. It touches you! You're covered in frost! Something casts a spell at you! You suddenly feel weaker! You slash it. It touches you! You're covered in frost! One of your potions called water freezes and shatters! You hear a mumbled curse. You miss it. It touches you! You're covered in frost! You hack it. It touches you! You're covered in frost! You rend it. It touches you! You're covered in frost! Something casts a spell at you! Your skin itches. You slash it. You miss it. You miss it. It touches you! You're covered in frost! Something casts a spell at you! Your head suddenly aches painfully! You die... Do you want your possessions identified? [ynq] (y) y Do you want to see your attributes? [ynq] (y) y Do you want an account of creatures vanquished? [ynaq] (y) n Do you want to see your conduct and achievements? [ynq] (y) n Do you want to see the dungeon overview? [ynq] (y) n Inventory: Inventory: 565/750 weight (47/52 slots) Coins $ - 949 gold pieces {9} Weapons x - 13 blessed +0 silver arrows {13} P - 38 +0 arrows {38} d - 40 +0 ya (in quiver) {40} c - a +0 yumi (alternate weapon; not wielded) {30} K - a blessed +3 dwarvish short sword named Sword of Disaster {30} a - a +0 katana (weapon in hand) {40} Comestibles X - a cursed slime mold {5} Y - a cursed clove of garlic {1} U - an uncursed gunyoki {20} Z - a cursed sprig of wolfsbane {1} L - an uncursed lichen corpse {20} Scrolls b - an uncursed scroll of confuse monster {5} t - a cursed scroll of destroy armor {5} C - an uncursed scroll of enchant weapon {5} f - 2 cursed scrolls of light {10} D - 2 cursed scrolls of magic mapping {10} y - 2 cursed scrolls of teleportation {10} Potions w - an uncursed potion of confusion {20} E - a cursed potion of confusion {20} I - a cursed potion of enlightenment {20} J - a cursed potion of fruit juice {20} O - 2 uncursed potions of gain energy {40} V - an uncursed potion of paralysis {20} F - a cursed potion of restore ability {20} i - an uncursed potion of sleeping {20} T - 2 potions of holy water {40} Rings m - an uncursed ring of cold resistance {3} n - an uncursed ring of free action {3} o - a blessed +1 ring of increase accuracy {3} s - an uncursed ring of polymorph control {3} r - an uncursed +2 ring of protection {3} q - an uncursed ring of sustain ability {3} Wands u - a wand of striking (0:4) {7} Tools S - an uncursed osaku {4} G - 2 uncursed tallow candles {4} N - an uncursed wax candle {2} Gems/Stones R - an uncursed agate stone {1} Q - an uncursed black opal {1} v - an uncursed diamond {1} M - an uncursed turquoise stone {1} p - 4 uncursed worthless pieces of black glass {4} z - 2 uncursed worthless pieces of blue glass {2} j - 2 uncursed worthless pieces of green glass {2} B - 3 uncursed worthless pieces of orange glass {3} A - an uncursed worthless piece of red glass {1} H - an uncursed worthless piece of violet glass {1} l - an uncursed worthless piece of yellow glass {1} Breadmaster the Samurai's attributes: Background: You were a Kunoichi, a level 7 female human Samurai. You were lawful, on a mission for Amaterasu Omikami who was opposed by Raijin (neutral) and Susanowo (chaotic). You were heterosexual. You were in the Dungeons of Doom, on level 4. You entered the dungeon 3664 turns ago. You had 736 experience points, 544 more were needed to attain level 8. Your score was 4193 before end-of-game adjustments. Basics: You had 0 out of 68 hit points. You had all 27 energy points (spell power). Your armor class was 10. Your wallet contained 949 zorkmids. Autopickup was off. Final Characteristics: Your strength was 10 (peak:15, limit:18/100). Your dexterity was 18 (limit:18). Your constitution was 18 (limit:18). Your intelligence was 10 (limit:18). Your wisdom was 8 (limit:18). Your charisma was 6 (limit:18). Final Status: You were not hungry. You were unencumbered. You were wielding a long sword. You were skilled in long sword. You were not wearing any armor. Final Attributes: You were piously aligned. You were telepathic. You were fast. You are dead. Miscellaneous: You encountered 1 bones level. Total elapsed playing time was 4 hours, 53 minutes and 54 seconds. Major events: Turn 1: breadmaster the lawful female human Samurai entered the dungeon 839: entered the Gnomish Mines 856: attained the rank of Ronin (level 3) 1907: reached Mine Town 1940: attained the rank of Kunoichi (level 6) 2561: entered Sokoban 3664: killed by an invisible lich Vanquished creatures: 3 small mimics an iron piercer a gnome ruler a housecat a bugbear a fog cloud a yellow light a shrieker 4 gnome leaders a guardian naga hatchling 2 giant ants 4 little dogs a floating eye 3 dwarves a homunculus 2 rothes a rabid rat a monkey a dwarf zombie a werejackal 2 acid blobs a hobgoblin 2 giant rats a green mold 28 gnomes a garter snake 2 gnome zombies 2 geckos 2 jackals a fox a kobold a goblin 4 sewer rats 4 grid bugs 4 bats 4 lichens a kobold zombie 93 creatures vanquished. No species were genocided or became extinct. Voluntary challenges: You were illiterate. You never genocided any monsters. You never polymorphed an object. You never changed form. You never touched an artifact. You used no wishes. You never scared an enemy with impunity. You were celibate. You never generated conflict. You did not violate any of the special Sokoban rules. Achievements: You entered a shop. You entered the Gnomish Mines. You attained the rank of Ronin. You entered Minetown. You attained the rank of Kunoichi. You entered a temple. You entered Sokoban. Dungeon overview: The Dungeons of Doom: levels 1 to 7 Level 1: An altar to Amaterasu Omikami. Level 2: A jewelry shop, a fountain. Level 3: A potion shop. Stairs down to The Gnomish Mines. Level 4: <- You were here. A fountain. Final resting place for you, killed by an invisible lich. Level 5: A grave. Final resting place for SamG-Pri-Hum-Fem-Law, killed by a rothe. Level 6: A fountain. Stairs up to Sokoban, level 5. Level 7: A fountain. The Gnomish Mines: levels 4 to 7 Level 4: Level 5: Level 6: Many shops, a temple to Amaterasu Omikami, some fountains, some trees. Level 7: Sokoban: Level 5: Unsolved. Game over: __________ / \ / REST \ / IN \ / PEACE \ / \ | breadmaster | | 949 Au | | killed by an | | invisible lich | | | | | | 2023 | *| * * * | * _________)/\\_//(\/(/\)/\//\/|_)_______ Sayonara breadmaster the Samurai... You died in The Dungeons of Doom on dungeon level 4 with 4099 points, and 949 pieces of gold, after 3664 moves. You were level 7 with a maximum of 68 hit points when you died.